 Dungeon Crawl Stone Soup version 0.31.0-9-g3a7656b989 (webtiles) character file.

Game seed: 2892345068997357254

329 qw the Shooter (level 6, -8/30 HPs)
             Began as a Spriggan Hunter on Feb 2, 2024.
             Mangled by an orc
             ... wielding a +1 heavy hand axe
              (12 damage)
             ... on level 3 of the Dungeon.
             The game lasted 00:00:08 (1718 turns).

qw the Shooter (Spriggan Hunter)                    Turns: 1718, Time: 00:00:09

Health: -8/30      AC:  2    Str:  7    XL:     6   Next: 25%
Magic:  7/7        EV: 21    Int: 10    God:
Gold:   189        SH:  0    Dex: 21    Spells: 5/5 levels left

rFire   . . .        b - +0 orcbow
rCold   . . .        (shield currently unavailable)
rNeg    . . .        c - +0 robe
rPois   +            (helmet restricted)
rElec   .            (no cloak)
rCorr   .            (gloves unavailable)
SInv    +            (boots unavailable)
Will    +....        j - amulet of the acrobat
Stlth   ++           d - ring of poison resistance
HPRegen 0.25/turn    (no ring)
MPRegen 0.10/turn

%: acrobat
@: very quick
A: very small, no large weapons, unfitting armour, see invisible, speed 3
a: no special abilities


You were on level 3 of the Dungeon.
You visited 1 branch of the dungeon, and saw 3 of its levels.

You collected 189 gold pieces.


Innate Abilities, Weirdness & Mutations

You are very small and have problems with some larger weapons.
You are too small for most types of armour.
You have supernaturally acute eyesight. (SInv)
You cover ground extremely quickly. (Speed+++)


   Skills:
 - Level 2.2 Fighting
 - Level 6.3 Ranged Weapons
 + Level 5.4 Dodging
 - Level 1.5 Stealth


You had 5 spell levels left.
You didn't know any spells.
Your spell library was empty.

Inventory:

Hand Weapons
 b - a +0 orcbow (weapon)
Armour
 c - a +0 robe (worn)
Jewellery
 d - a ring of poison resistance (left hand)
 j - an amulet of the acrobat (around neck)
Scrolls
 a - a scroll of immolation {unknown}
 e - a scroll of fog {unknown}
Potions
 f - 2 potions of degeneration {unknown}
 h - a potion of curing

Dungeon Overview and Level Annotations

Branches:
Dungeon (3/15)

Altars:

Annotations:
D:3 3 runed translucent doors, qw's ghost, amateur DEHu


Message History

The goblin misses you.
You shoot an arrow. The arrow barely misses the goblin.
The arrow hits the orc!
You kill the orc!
The goblin closely misses you.
You shoot an arrow. The arrow hits the goblin.
You kill the goblin!
The orc wizard casts a spell at you. The magic dart hits you!
You shoot an arrow. The arrow hits the orc wizard!
The orc wizard is heavily wounded.
You shoot an arrow.
The arrow closely misses the orc wizard.
The arrow hits the goblin but does no damage.
The orc wizard casts a spell at you. The puff of flame hits you!
You shoot an arrow.
The arrow closely misses the orc wizard.
The arrow hits the goblin.
You kill the goblin!
The orc wizard closely misses you. x2
You shoot an arrow.
The arrow hits the orc wizard but does no damage.
The orc wizard is heavily wounded.
The orc wizard hits you with a +0 dagger.
You shoot an arrow. The arrow hits the orc wizard.
The orc wizard is heavily wounded.
The orc wizard casts a spell at you. The puff of flame misses you.
You shoot an arrow.
The arrow closely misses the orc wizard.
The arrow hits the orc but does no damage.
The orc wizard misses you.
You shoot an arrow. The arrow misses the orc wizard.
The arrow barely misses the orc.
The orc wizard closely misses you.
You shoot an arrow. The arrow hits the orc wizard.
The orc wizard is severely wounded.
The orc wizard hits you with a +0 dagger.
The orc hits you with a +1 heavy hand axe!
You die...

#....# #.# #.#
##'#########.## #.#
#.##......#..######
#.##.####.####.#.#
#....# #....#....
####.# #....+W...#
+.#.####.#
#....+...[.#
#........##
#....+...$##
..######o@#
#....#.....# ##o#
######.#[#.# .)..
### # )###.# .. ...
.[ #.# ... .# ... .


You could see an orc wizard (invisible) and an orc.

Vanquished Creatures
  Sigmund (D:3)
  2 orc wizards (D:3)
  2 adders (D:2)
  3 dart slugs (D:1)
  A ribbon worm (D:1)
  6 orcs (D:3)
  3 bats
  2 endoplasms
  3 giant cockroaches (D:1)
  12 goblins
  3 hobgoblins
  10 jackals
  7 quokkas
  9 ball pythons
  A frilled lizard (D:1)
  5 kobolds (D:2)
  14 rats
84 creatures vanquished.

Notes
Turn   | Place    | Note
-------+----------+-------------------------------------------
     0 | D:1      | qw the Spriggan Hunter began the quest for the Orb.
     0 | D:1      | Reached XP level 1. HP: 10/10 MP: 2/2
     0 | D:1      | 0 ||| qw: Version: 0.3-a-155-g5e7d8dd
     0 | D:1      | 0 ||| qw: Game counter: 2184
     0 | D:1      | 0 ||| qw: Melee chars always use a shield: true
     0 | D:1      | 0 ||| qw: God list: Okawaru
     0 | D:1      | 0 ||| qw: Allow faded altars: false
     0 | D:1      | 0 ||| qw: Do Orc after clearing Dungeon:15 true
     0 | D:1      | 0 ||| qw: Do second Lair branch before Depths: true
     0 | D:1      | 0 ||| qw: Lair rune preference: random
     0 | D:1      | 0 ||| qw: Goals: Normal
     0 | D:1      | 0 ||| PLANNING D:1-11
    35 | D:1      | Reached skill level 3 in Dodging
    72 | D:1      | Reached XP level 2. HP: 14/14 MP: 3/3
   221 | D:1      | Reached XP level 3. HP: 15/18 MP: 4/4
   554 | D:1      | 554 ||| UPGRADING to ring of poison resistance.
   555 | D:1      | 555 ||| READING scroll labelled QIHINETOFU.
   556 | D:1      | 556 ||| READING scroll labelled QUOTSA HOMUO.
   559 | D:1      | 559 ||| READING scroll labelled LONIVYD VAKUC.
   559 | D:1      | 559 ||| BRANDING +0 shortbow.
   560 | D:1      | 560 ||| DROPPING scroll of butterflies.
   572 | D:2      | 572 ||| STAIRDANCE
   583 | D:2      | 583 ||| STAIRDANCE
   796 | D:2      | Reached skill level 5 in Ranged Weapons
  1066 | D:2      | Reached XP level 4. HP: 22/22 MP: 5/5
  1276 | D:2      | 1276 ||| UPGRADING to amulet of the acrobat.
  1281 | D:2      | 1281 ||| READING scroll labelled QOFAOSHR QODDO.
  1282 | D:2      | 1282 ||| READING 2 scrolls labelled JAMOJA KOMM.
  1282 | D:2      | 1282 ||| IDENTIFYING grey potion
  1283 | D:2      | 1283 ||| READING scroll of identify.
  1283 | D:2      | 1283 ||| IDENTIFYING viscous emerald potion
  1284 | D:2      | 1284 ||| READING scroll labelled TAABBU UMAURGH.
  1284 | D:2      | 1284 ||| ENCHANTING +0 shortbow of freezing.
  1285 | D:2      | 1285 ||| DRINKING 2 red potions.
  1286 | D:2      | 1286 ||| DROPPING potion of berserk rage.
  1345 | D:3      | Noticed qw's ghost (amateur DEHu)
  1347 | D:3      | Found a runed translucent gate.
  1347 | D:3      | Found a runed translucent gate.
  1347 | D:3      | Found a runed translucent gate.
  1389 | D:3      | Noticed Sigmund
  1396 | D:3      | 1396 ||| DRINKING potion of haste.
  1402 | D:3      | Killed Sigmund
  1403 | D:3      | Reached skill level 6 in Ranged Weapons
  1403 | D:3      | Reached XP level 5. HP: 14/26 MP: 6/6
  1403 | D:3      | Reached XP level 6. HP: 16/30 MP: 7/7
  1430 | D:3      | 1430 ||| FLEEEEING.
  1431 | D:3      | 1431 ||| FLEEEEING.
  1432 | D:3      | 1432 ||| FLEEEEING.
  1433 | D:3      | 1433 ||| FLEEEEING.
  1434 | D:3      | 1434 ||| FLEEEEING.
  1573 | D:3      | Found a faded altar of an unknown god.
  1630 | D:3      | 1630 ||| SWAPPING to +0 orcbow.
  1631 | D:3      | 1631 ||| DROPPING +0 shortbow of freezing.
  1704 | D:3      | 1704 ||| DRINKING 2 potions of curing.
  1704 | D:3      | 1704 ||| (to cure confusion)
  1712 | D:3      | HP: 6/30 [orc wizard/puff of flame (7)]
  1718 | D:3      | HP: 4/30 [orc wizard/+0 dagger (2)]
  1718 | D:3      | Mangled by an orc

Levels and vault maps discovered:
D:1:      dpeg_arrival_ratfight, layout_rooms
D:2:      layout_loops_ring, serial_forest, infiniplex_forest_clump_cross,
          infiniplex_forest_lined_2, infiniplex_forest_lined_3_way,
          infiniplex_forest_lined_2, infiniplex_forest_end_2,
          minmay_tetromino_o2
D:3:      layout_basic, evilmike_ruin_ashenzari,
          shapermc_ecumenical_altar_flowoftime, gammafunk_ghost_necromancy,
          minmay_distorted, uniq_sigmund

Skill      XL: |  1  2  3  4 |
---------------+-------------+-----
Dodging        | 3 4 5 |  5.4
Ranged Weapons | 5 6 |  6.3
Fighting       | 2 |  2.2
Stealth        | |  1.5

Action                     |  1- 3 |  4- 6 || total
---------------------------+-------+-------++-------
   Fire: Shortbow          |   117 |    65 ||   182
         Orcbow            |       |    24 ||    24
    Use: Scroll            |     3 |     4 ||     7
         Potion            |       |     3 ||     3
 Armour: Robe              |     9 |    18 ||    27
  Dodge: Dodged            |    42 |    38 ||    80

Table legend:
 A = Non-vault XP
 B = Vault XP
 C = Vault XP percentage of total XP
 D = Non-vault monster count
 E = Vault monster count
 F = Vault count percentage of total count
                 A         B        C        D         E       F
            +---------+---------+-------+---------+---------+-------
      Total |     233 |     238 |  50.5 |      73 |      11 |  13.1
            +---------+---------+-------+---------+---------+-------
        D:1 |      62 |       5 |   7.5 |      30 |       5 |  14.3
        D:2 |      65 |       3 |   4.4 |      25 |       2 |   7.4
        D:3 |     106 |     230 |  68.5 |      18 |       4 |  18.2
            +---------+---------+-------+---------+---------+-------
